 Dungeon Crawl Stone Soup version 0.29.1-13-g9f3cf754e1 (webtiles) character file.

Game seed: 5877462319047966773

1145 sizableburger the Cleaver (level 8, -3/52 (61) HPs)
             Began as a Demonspawn Delver on Feb 2, 2023.
             Slain by a wight
             ... wielding a +0 trident
              (4 damage)
             ... on level 6 of the Dungeon.
             The game lasted 00:09:37 (4737 turns).

sizableburger the Cleaver (Demonspawn Delver)       Turns: 4737, Time: 00:09:38

HP:   -3/52 (61)    AC: 10    Str: 15    XL:     8   Next: 15%
MP:   8/8           EV:  7    Int: 11    God:
Gold: 238           SH: 11    Dex: 21    Spells: 7/7 levels left

rFire   . . .      SeeInvis .   h - +1 hand axe (flame)
rCold   + . .      Faith    .   (no shield)
rNeg    . . .      Spirit   .   x - +0 chain mail
rPois   .          Reflect  +   (no helmet)
rElec   .          Harm     .   D - +0 cloak
rCorr   .          Rampage  .   (no gloves)
Will    .....                   j - +0 pair of boots
Stlth   ..........              l - amulet of reflection
HPRegen 0.17/turn               t - +6 ring of dexterity
MPRegen 0.11/turn               s - ring of protection from cold

@: heavily drained
A: large bone plates 2, spiny 1
a: no special abilities


You were on level 6 of the Dungeon.
You visited 1 branch of the dungeon, and saw 6 of its levels.

You collected 238 gold pieces.

Inventory:

Hand Weapons
 h - a +1 hand axe of flaming (weapon)
 v - a +0 war axe
Armour
 b - a +0 leather armour
 j - a +0 pair of boots (worn)
 p - a +2 kite shield
 x - a +0 chain mail (worn)
 D - a +0 cloak (worn)
Jewellery
 l - an amulet of reflection (around neck)
 r - an amulet of magic regeneration
 s - a ring of protection from cold (right hand)
 t - a +6 ring of dexterity (left hand)
 z - a ring of protection from fire
 E - a ring of see invisible
Wands
 d - a wand of flame (8)
 g - a wand of digging (3)
 C - a wand of charming (11)
Scrolls
 a - a scroll of identify
 c - 2 scrolls of fog
 e - a scroll of fear
 m - a scroll of noise
 q - 3 scrolls of teleportation
 w - 2 scrolls of silence {unknown}
 y - a scroll of brand weapon
Potions
 f - 2 potions of haste
 i - 2 potions of flight
 k - a potion of resistance
 n - 4 potions of curing
 A - a potion of attraction {unknown}
 B - a potion of mutation {unknown}
 F - a potion of might {unknown}
 G - a potion of brilliance {unknown}


   Skills:
 - Level 4.4 Fighting
 + Level 8.3 Axes
 - Level 2.2 Dodging
 - Level 4.8 Stealth


You had 7 spell levels left.
You didn't know any spells.
Your spell library contained the following spells:

 Spells                   Type           Power      Damage    Failure   Level
 Magic Dart               Conj           0%         1d3       100%        1
 Sandblast                Erth           0%         2d4       100%        1
 Passwall                 Tmut/Erth      0%         N/A       100%        2
 Searing Ray              Conj           0%         2d4       100%        2
 Stone Arrow              Conj/Erth      0%         3d7       100%        3
 Fulminant Prism          Conj/Hex       0%         3d6       100%        4
 Iskenderun's Mystic Bla  Conj/Tloc      0%         2d3       100%        4
 Lee's Rapid Deconstruct  Erth           0%         3d5*      100%        5


Dungeon Overview and Level Annotations

Branches:
Dungeon (6/15)
 Temple: D:4-7

Altars:
Fedhas

Shops:
D:1 (   D:3 *   D:5 (


Innate Abilities, Weirdness & Mutations

You are mostly covered in large bone plates. (SH +6)
You are partially covered in sharp spines.


Message History

The wight hits you with a +0 trident. The wight is struck by your spines.
The wight hits you with a +0 war axe!
* * * LOW HITPOINT WARNING * * *
You feel drained.
* * * LOW HITPOINT WARNING * * *
The wight attacks as you move away! You block the wight's attack. x2
You feel much better. The wight is struck by your spines.
The wight hits you but does no damage.
The wight hits you from afar with a +0 trident!
You barely miss the wight.
The wight is lightly damaged.
You block the wight's attack. The wight is struck by your spines.
The wight barely misses you.
Okay, then.
Okay, then.
You closely miss the wight.
The wight is lightly damaged.
You hit the wight. You burn the wight.
The wight is moderately damaged.
You block the wight's attack. The wight hits you with a +0 war axe.
You feel drained.
You hit the wight. You burn the wight.
The wight is heavily damaged.
You block the wight's attack. The wight barely misses you.
You hit the wight. You burn the wight.
The wight is severely damaged.
The wight hits you from afar with a +0 trident.
The wight barely misses you.
You barely miss the wight.
The wight is severely damaged.
The wight barely misses you. The wight hits you with a +0 war axe!
* * * LOW HITPOINT WARNING * * *
You feel drained.
* * * LOW HITPOINT WARNING * * *
You hit the wight but do no damage.
The wight is severely damaged.
The wight hits you from afar with a +0 trident!
* * * LOW HITPOINT WARNING * * *
You feel drained.
You die...

*,* ####.......#### ******,**
*,* #.............# *,,,,,,,,
*,* #.##$.[....##.* *,***,,**
*,* #,*#.......##,* *,* *,**
*,***,*#........#*******,***,*
*,,,..##........#∩~~~~,*,**,,*
***,............#~~~~,,,,**,**
*,.........##.#~~~~,,,,**,*
****,.........##@#~~,,,,*,**,*
,,,,,.....######z#~,,,,**,*,,*
,****.........†)z#,******,*,***
,* *............#,*,,,,,,,,,,*
,** *............#,*,*****,,***
,,* *...........?#,*,* *^**
,,***............#,*,* **,*
,,,,*......<.....#,*,****,,*
,,*,,.###.########,*,**,,,**


You could see 2 wights.

Vanquished Creatures
  A water moccasin (D:6)
  An ice beast (D:5)
  An ogre (D:5)
  A centaur (D:5)
  A phantom (D:4)
  2 necrophages
  2 wights (D:6)
  A jelly (D:6)
  An orc priest (D:4)
  2 hounds
  A gnoll bouda (D:4)
  6 iguanas
  An orc wizard (D:5)
  3 gnolls (D:4)
  3 adders
  An ufetubus (D:4)
  2 worms (D:2)
  3 dart slugs
  11 orcs
  3 ball pythons
  7 endoplasms
  3 giant cockroaches
  5 goblins
  7 hobgoblins
  4 jackals
  8 kobolds
  4 quokkas
  6 bats
  4 frilled lizards
  8 rats
103 creatures vanquished.

Vanquished Creatures (others)
  A bush (D:5)
1 creature vanquished.

Grand Total: 104 creatures vanquished

Notes
Turn   | Place    | Note
-------+----------+-------------------------------------------
     0 | D:5      | sizableburger the Demonspawn Delver began the quest for the
                  | Orb.
     0 | D:5      | Reached XP level 1. HP: 18/18 MP: 1/1
   213 | D:2      | Reached skill level 2 in Axes
   213 | D:2      | Gained mutation: You are partially covered in large bone
                  | plates. (SH +4) [demonic ancestry]
   213 | D:2      | Reached XP level 2. HP: 23/24 MP: 2/2
   598 | D:1      | Gained mutation: You are mostly covered in large bone
                  | plates. (SH +6) [demonic ancestry]
   598 | D:1      | Reached XP level 3. HP: 29/29 MP: 3/3
   672 | D:1      | Found Zoum Lisig's Weapon Boutique.
  1825 | D:3      | Found Byrchyamn's General Store.
  1833 | D:2      | Reached XP level 4. HP: 37/37 MP: 4/4
  2029 | D:3      | Reached skill level 3 in Axes
  2122 | D:3      | Found a faded altar of an unknown god.
  2838 | D:4      | Gained mutation: You are partially covered in sharp spines.
                  | [demonic ancestry]
  2838 | D:4      | Reached XP level 5. HP: 31/43 MP: 5/5
  3369 | D:4      | Noticed a phantom
  3380 | D:4      | Killed a phantom
  3381 | D:4      | Reached skill level 4 in Axes
  3381 | D:4      | Reached XP level 6. HP: 49/49 MP: 6/6
  3496 | D:4      | Reached skill level 5 in Axes
  3851 | D:5      | Found Ganarerch's Antique Weapon Shoppe.
  3935 | D:5      | Reached skill level 6 in Axes
  3935 | D:5      | Reached XP level 7. HP: 54/55 MP: 7/7
  4171 | D:5      | Found a blossoming altar of Fedhas.
  4206 | D:5      | Reached skill level 7 in Axes
  4717 | D:6      | Reached skill level 8 in Axes
  4717 | D:6      | Reached XP level 8. HP: 44/61 MP: 8/8
  4737 | D:6      | HP: 1/54 [wight/+0 trident (8)]
  4737 | D:6      | Slain by a wight

Illustrated notes

Levels and vault maps discovered:
D:1:      tarquinn_simple_flora_water_e, layout_basic, serial_shops,
          nicolae_shop_bloodbath_and_beyond
D:2:      layout_loops_cross
D:3:      layout_basic, serial_shops, shop, ebering_ecumenical_altar_ruins
D:4:      layout_gridville, kennysheep_generic_room_7
D:5:      layout_loops_ring, fedhas_bush_and_centaur_altar, serial_shops, shop
D:6:      layout_basic, tgw_kikubaaqudgha, kennysheep_mini_moat,
          portal_sewer_entry_b, ebering_ghost_reflecting_pool,
          mrwooster_statue_mirror, minmay_shop_grid_forest

Skill      XL: |  1  2  3  4  5  6  7 |
---------------+----------------------+-----
Axes           | 2 3 4 6 8 |  8.3
Dodging        | 2 |  2.2
Fighting       | 4 |  4.4
Stealth        | |  4.8

Action                   |  1- 3 |  4- 6 |  7- 9 || total
-------------------------+-------+-------+-------++-------
Melee: Hand axe          |    96 |   142 |    76 ||   314
       Punch             |     1 |     3 |       ||     4
  Use: Scroll            |     1 |     8 |     2 ||    11
       Potion            |       |     1 |     1 ||     2
 Stab: Sleeping          |    11 |     6 |       ||    17
Armor: Leather armour    |    13 |     6 |       ||    19
       Chain mail        |       |    12 |    23 ||    35
Dodge: Dodged            |    40 |    52 |    20 ||   112
Block: Other             |    26 |    85 |    36 ||   147
       Reflection        |       |     3 |     2 ||     5
